 Dungeon Crawl Stone Soup version 0.25-a0-265-g7af84ae0ac (webtiles) character file.

Game seed: 4136044701227564947, levelgen mode: deterministic

8 Redear the Shield-Bearer (level 2, 0/21 HPs)
             Began as an Octopode Fighter on Dec 8, 2019.
             Slain by a gnoll
             ... wielding a +0 halberd
              (10 damage)
             ... on level 1 of the Dungeon.
             The game lasted 00:00:17 (200 turns).

Redear the Shield-Bearer (Octopode Fighter)          Turns: 200, Time: 00:00:18

Health: 0/21       AC:  1    Str: 15    XL:     2   Next: 8%
Magic:  2/2        EV: 11    Int: 10    God:
Gold:   22         SH:  8    Dex: 11    Spells: 1/1 levels left

rFire    . . .     SeeInvis .   a - +0 long sword
rCold    . . .     Gourm    .   b - +0 shield
rNeg     . . .     Faith    .   (helmet restricted)
rPois    .         Spirit   .   (no amulet)
rElec    .         Reflect  .   (no ring)
rCorr    .         Harm     .   (no ring)
MR       .....                  (no ring)
Stlth    ++........             (no ring)
HPRegen  0.07/turn              (no ring)
MPRegen  0.08/turn              (no ring)
                                (no ring)
                                (no ring)

@: no status effects
A: almost no armour, stealthy swim, amphibious, 8 rings, constrict 8, camouflage
1, gelatinous body 1
a: no special abilities


You were on level 1 of the Dungeon.
You were not hungry.

You visited 1 branch of the dungeon, and saw 1 of its levels.

You collected 22 gold pieces.

Inventory:

Hand Weapons
 a - a +0 long sword (weapon)
Armour
 b - a +0 shield (worn)
Scrolls
 d - a scroll of fear {unknown}
Potions
 c - a potion of might {Str+5 DMG+1d10 | @q3}
Comestibles
 z - a ration


   Skills:
 + Level 3.1 Fighting
 - Level 2.0 Long Blades
 + Level 3.1 Dodging
 + Level 1.0 Stealth
 + Level 3.1 Shields


You had one spell level left.
You didn't know any spells.
Your spell library was empty.

Dungeon Overview and Level Annotations

Branches:
Dungeon (1/15)

Altars:


Innate Abilities, Weirdness & Mutations

You cannot wear most types of armour.
You are very stealthy in the water. (Stealth+)
You are amphibious.
You can wear up to eight rings at the same time.
You can use your tentacles to constrict eight enemies at once.
Your skin changes colour to match your surroundings (Stealth+).
Your rubbery body absorbs attacks. (AC +1, EV +1)


Message History

The hobgoblin is severely wounded.
The hobgoblin closely misses you. The hobgoblin hits you.
You take 2 damage, and have 10/21 hp.
A hobgoblin is nearby!
You hit the hobgoblin.
You kill the hobgoblin!
Your Stealth skill increases to level 1!
No target in view!
You open the door.
There is an open door here.
A gnoll and a kobold come into view.
There are monsters nearby!
There are monsters nearby!
The gnoll shouts!
There are monsters nearby!
The kobold shouts!
The kobold throws a stone.
The stone hits you but does no damage.
You see here a stone.
The gnoll hits you from afar with a +0 halberd!
You die...

###### ...# ...... #....# ...#
#.....# .....###.####.....##.
.......$............
..........##......#
..........##......#
..##......##.#....#
..##......##'#....###...
........##.....(@.g.....
........##....##...K....
.#......##...†#......### ####
.#.......###+##......# #####...
.........###.##...########.......
..#..........##...+..............
..#......#####....#......#.......
..#.....## #....#......#.......
..#.....######...#.......#....###


You could see a gnoll and a kobold.

Vanquished Creatures
  A leopard gecko (D:1)
  A hobgoblin (D:1)
  2 kobolds (D:1)
  2 bats (D:1)
  A goblin (D:1)
7 creatures vanquished.

Notes
Turn   | Place    | Note
-------+----------+-------------------------------------------
     0 | D:1      | Redear the Octopode Fighter began the quest for the Orb.
     0 | D:1      | Reached XP level 1. HP: 16/16 MP: 1/1
   173 | D:1      | Reached XP level 2. HP: 11/21 MP: 2/2
   193 | D:1      | Reached skill level 1 in Stealth
   200 | D:1      | Slain by a gnoll

Levels and vault maps discovered:
D:1:      dpeg_arrival_arbitrary_c, layout_basic

Skill      XL: |  1  2 |
---------------+-------+-----
Stealth        | 1 |  1.0
Fighting       | |  3.1
Long Blades    | |  2.0
Dodging        | |  3.1
Shields        | |  3.1

Action                   || total
-------------------------++-------
Melee: Long sword        ||    12
       Constrict         ||     2
       Tentacles         ||     2
 Stab: Sleeping          ||     4
Dodge: Dodged            ||     7
Block: Shield            ||     1
       Rpst.: Long sword ||     1

Table legend:
 A = Non-vault XP
 B = Vault XP
 C = Vault XP percentage of total XP
 D = Non-vault monster count
 E = Vault monster count
 F = Vault count percentage of total count
                 A         B        C        D         E       F
            +---------+---------+-------+---------+---------+-------
      Total |      12 |       0 |   0.0 |       7 |       0 |   0.0
            +---------+---------+-------+---------+---------+-------
        D:1 |      12 |       0 |   0.0 |       7 |       0 |   0.0
            +---------+---------+-------+---------+---------+-------
